 Dungeon Crawl Stone Soup version 0.29-a0-723-gce39da1c22 (webtiles) character file.

Game seed: 18299244132708678977

81 avis the Chopper (level 4, 0/40 HPs)
             Began as a Hill Orc Monk on June 29, 2022.
             Slain by a gnoll
             ... wielding a +0 flail
              (8 damage)
             ... on level 2 of the Dungeon.
             The game lasted 00:06:22 (2403 turns).

avis the Chopper (Hill Orc Monk)                    Turns: 2403, Time: 00:06:23

Health: 0/40       AC:  8    Str: 15    XL:     4   Next: 40%
Magic:  4/4        EV:  6    Int: 10    God:
Gold:   82         SH:  0    Dex: 13    Spells: 3/3 levels left

rFire   . . .      SeeInvis .   a - +0 hand axe
rCold   . . .      Faith    .   (no shield)
rNeg    . . .      Spirit   .   f - +0 chain mail
rPois   .          Reflect  .   (no helmet)
rElec   .          Harm     .   (no cloak)
rCorr   .          Rampage  .   (no gloves)
Will    .....                   (no boots)
Stlth   ..........              (no amulet)
HPRegen 0.13/turn               (no ring)
MPRegen 0.09/turn               (no ring)

@: no status effects
A: no striking features
a: no special abilities


You were on level 2 of the Dungeon.
You visited 1 branch of the dungeon, and saw 3 of its levels.

You collected 82 gold pieces.

Inventory:

Hand Weapons
 a - a +0 hand axe (weapon)
 l - a +0 spear
Armour
 b - a +0 robe
 f - a +0 chain mail (worn)
Magical Staves
 e - a staff of conjuration
Scrolls
 h - 2 scrolls of noise {unknown}
 i - 3 scrolls of identify {unknown}
 k - 2 scrolls of teleportation {unknown}
 m - a scroll of enchant weapon {unknown}
 n - a scroll of vulnerability {unknown}
Potions
 d - a potion of haste {unknown}
 g - 3 potions of brilliance {unknown}
 j - a potion of flight {unknown}
 o - a potion of heal wounds {unknown}
 p - a potion of degeneration {unknown}


   Skills:
 - Level 4.0 Fighting
 * Level 6.5 Axes
 - Level 2.4 Dodging
 - Level 1.5 Stealth


You had 3 spell levels left.
You didn't know any spells.
Your spell library contained the following spells:

 Spells                   Type           Power      Damage    Failure   Level
 Foxfire                  Conj/Fire      0%         2x1d4     100%        1
 Conjure Flame            Conj/Fire      0%         6-21      100%        3
 Inner Flame              Hex/Fire       0%         N/A       100%        3
 Flame Wave               Conj/Fire      0%         2d4       100%        4


Dungeon Overview and Level Annotations

Branches:
Dungeon (3/15)

Altars:

Shops:
D:1 :


Message History

You feel less confused.
You hit the gnoll but do no damage. You hit the gnoll but do no damage.
The gnoll hits you with a +0 flail.
* * * LOW HITPOINT WARNING * * *
You completely miss the gnoll. The gnoll hits you with a +0 flail.
* * * LOW HITPOINT WARNING * * *
You hit the gnoll.
The gnoll is moderately wounded.
The gnoll hits you but does no damage.
You closely miss the gnoll.
The gnoll is moderately wounded.
The gnoll hits you with a +0 flail.
* * * LOW HITPOINT WARNING * * *
You hit the gnoll but do no damage.
The gnoll is moderately wounded.
The gnoll hits you with a +0 flail.
* * * LOW HITPOINT WARNING * * *
You are confused.
You feel invigorated. The gnoll hits you with a +0 flail.
* * * LOW HITPOINT WARNING * * *
You hit the gnoll.
The gnoll is heavily wounded.
The gnoll barely misses you.
You closely miss the gnoll.
The gnoll is heavily wounded.
You feel less invigorated.
You feel less confused. The gnoll closely misses you.
You hit the gnoll but do no damage.
The gnoll is heavily wounded.
The gnoll hits you with a +0 flail.
* * * LOW HITPOINT WARNING * * *
You barely miss the gnoll.
The gnoll is heavily wounded.
The gnoll hits you with a +0 flail.
* * * LOW HITPOINT WARNING * * *
You hit the gnoll.
The gnoll is heavily wounded.
The gnoll hits you with a +0 flail!
You die...

#.###.# ###....##......#
#.#...# #............#.###
##.#.### #.#>.............#
...#†# #.#÷#..#....##.#.#
####.# #.#..........#.#.# #
#.#########.........#..#.#.# #
#...........####.......#.#.#
##############.#.....#.##>#.#.#
##.......# #.#@###.#...)#.#.#
##.#####.# #.#.g...######.#.###
##.# #.#####<####### #.#....
...# #.......# #.####. ####
######### #...... #######


You could see a gnoll.

Vanquished Creatures
  2 adders (D:2)
  2 gnolls (D:2)
  2 dart slugs (D:2)
  3 ball pythons
  2 bats
  4 endoplasms
  3 goblins
  A hobgoblin (D:2)
  4 jackals (D:2)
  4 quokkas (D:1)
  4 frilled lizards
  5 kobolds
  2 rats (D:1)
38 creatures vanquished.

Notes
Turn   | Place    | Note
-------+----------+-------------------------------------------
     0 | D:1      | avis the Hill Orc Monk began the quest for the Orb.
     0 | D:1      | Reached XP level 1. HP: 19/19 MP: 1/1
   105 | D:1      | Reached XP level 2. HP: 19/27 MP: 2/2
   194 | D:1      | Found Pazosudo's Book Shoppe.
   287 | D:1      | Found a faded altar of an unknown god.
  1250 | D:2      | Reached skill level 5 in Axes
  1450 | D:2      | Reached XP level 3. HP: 29/33 MP: 3/3
  2203 | D:2      | Reached skill level 6 in Axes
  2203 | D:2      | Reached XP level 4. HP: 36/40 MP: 4/4
  2396 | D:2      | HP: 2/40 [gnoll/+0 flail (4)]
  2403 | D:2      | Slain by a gnoll

Illustrated notes

Levels and vault maps discovered:
D:1:      psy_arrival_heroes, layout_basic, serial_shops, nicolae_shop_trees,
          shapermc_ecumenical_altar_pompeii
D:2:      layout_basic
D:3:      minmay_diamond_boxcup, layout_loops_corners

Skill      XL: |  1  2  3 |
---------------+----------+-----
Fighting       | 4 |  4.0
Axes           | 5 6 |  6.5
Dodging        | |  2.4
Stealth        | |  1.5

Action                   |  1- 3 |  4- 6 || total
-------------------------+-------+-------++-------
Melee: Hand axe          |   128 |    25 ||   153
       Punch             |     2 |       ||     2
  Use: Potion            |       |     2 ||     2
Armor: Robe              |     4 |       ||     4
       Chain mail        |    96 |     7 ||   103
Dodge: Dodged            |    44 |     7 ||    51

Table legend: (Time is in decaauts)
 A = Elapsed time spent in this place.
 B = Non-inter-level travel time spent in this place.
 C = Inter-level travel time spent in this place.
 D = Time resting spent in this place.
 E = Time spent auto-exploring this place.
 F = Levels seen in this place.
 G = Mean time per level.
                   A        B        C        D        E       F      G
               +--------+--------+--------+--------+--------+-----+--------+
         Total |   2410 |   2252 |    158 |    492 |   1303 |   3 |  803.3 |
       Dungeon |   2410 |   2252 |    158 |    492 |   1303 |   3 |  803.3 |
               +--------+--------+--------+--------+--------+-----+--------+

Top non-repeatable levels by time:
     D:1: 1236 daAuts
     D:2: 1160 daAuts
     D:3: 14 daAuts
